 Dungeon Crawl Stone Soup version 0.29.0-4-gdea44cf6ec (webtiles) character file.

Game seed: 7879725413817937320

48 qw the Chopper (level 3, -1/21 HPs)
             Began as a Tengu Warper on Aug 28, 2022.
             Slain by an orc
             ... wielding a +0 morningstar
              (8 damage)
             ... on level 3 of the Dungeon.
             The game lasted 00:00:09 (2055 turns).

qw the Chopper (Tengu Warper)                       Turns: 2055, Time: 00:00:09

Health: -1/21      AC:  5    Str: 13    XL:     3   Next: 72%
Magic:  7/7        EV: 11    Int: 13    God:
Gold:   181        SH:  0    Dex: 13    Spells: 6/6 levels left

rFire   . . .      SeeInvis .   Y - +0 hand axe
rCold   + . .      Faith    .   (no shield)
rNeg    . . .      Spirit   .   k - +0 ring mail
rPois   .          Reflect  .   (helmet restricted)
rElec   .          Harm     .   (no cloak)
rCorr   .          Rampage  .   (no gloves)
Will    .....                   (boots unavailable)
Stlth   +.........              (no amulet)
HPRegen 0.07/turn               f - ring of protection from cold
MPRegen 0.10/turn               (no ring)

@: no status effects
A: beak, talons 3
a: no special abilities


You were on level 3 of the Dungeon.
You visited 1 branch of the dungeon, and saw 3 of its levels.

You collected 181 gold pieces.


Innate Abilities, Weirdness & Mutations

You have a beak for a mouth.
You have claws for feet.


   Skills:
 - Level 2.0 Fighting
 + Level 4.3 Axes
 - Level 1.0 Throwing
 - Level 1.1 Armour
 - Level 2.1 Dodging
 - Level 2.0 Spellcasting
 - Level 2.4 Translocations


You had 6 spell levels left.
You didn't know any spells.
Your spell library contained the following spells:

 Spells                   Type           Power      Damage    Failure   Level
 Blink                    Tloc           14%        N/A       30%         2
 Gell's Gravitas          Tloc           7%         N/A       52%         3
 Lesser Beckoning         Tloc           7%         N/A       52%         3
 Teleport Other           Tloc           7%         N/A       52%         3
 Manifold Assault         Tloc           7%         N/A       99%         5

Inventory:

Hand Weapons
 h - a +0 club
 Y - a +0 hand axe (weapon)
Armour
 k - a +0 ring mail (worn)
Jewellery
 f - a ring of protection from cold (left hand)
Scrolls
 a - a scroll of identify
 e - a scroll of amnesia {unknown}
Potions
 b - 2 potions of ambrosia {unknown}
 c - 2 potions of curing {unknown}
 d - a potion of cancellation {unknown}
 j - a potion of haste {unknown}

Dungeon Overview and Level Annotations

Branches:
Dungeon (3/15)

Altars:


Message History

The ball python is moderately wounded.
The ball python bites you but does no damage.
The ball python grabs you. The ball python constricts you.
The ball python bites you but does no damage.
The ball python constricts you.
You hit the ball python.
You kill the ball python!
You start resting.
HP restored.
You see here a bat corpse.
An orc comes into view. It is wielding a +0 mace.
The orc shouts!
An orc comes into view. It is wielding a +0 flail.
2025 ||| Stepping ~*~*~tactically~*~*~ (stealth).
The orc shouts!
You hear a shout!
Found a faded altar of an unknown god.
You enter the shallow water.
Moving in this stuff is going to be slow.
The orc shouts!
You enter the shallow water.
Moving in this stuff is going to be slow.
A dart slug comes into view.
Enter note: The orc hits you with a +0 flail.
You hit the orc. You peck the orc.
The orc is heavily wounded.
The orc barely misses you.
You barely miss the orc. Your kick misses the orc. You peck the orc.
You kill the orc!
The dart slug launches a dart at you. The slug dart hits you.
You hit the dart slug. You claw the dart slug.
You kill the dart slug!
You barely miss the orc. Your kick misses the orc.
The orc hits you with a +0 morningstar!
Ouch! That really hurt!
You hit the orc. You claw the orc.
The orc is heavily wounded.
The orc hits you with a +0 morningstar!
You die...

#.....#. ... ####..## #..
#..## #.# #.... ... .....
##### #.# ##.#.. ....##.#
#.#.. #..#%# #.#.. #.$@#
.####.#.. .######oo##
........# .......#..##
#####.... ......o#.).#
#####
.....~....#.#############.
~~~~..~~~.#..#............
~~~~~~~~..##..............
~~~~~~~...###.............
~~o~~~~~~..o..............


You could see 3 orcs.

Vanquished Creatures
  An adder (D:2)
  2 dart slugs
  An orc (D:3)
  4 ball pythons
  6 endoplasms
  A giant cockroach (D:1)
  4 hobgoblins
  A kobold (D:1)
  A quokka (D:2)
  4 bats
  2 frilled lizards
  3 rats
30 creatures vanquished.

Vanquished Creatures (others)
  A bat (D:1)
1 creature vanquished.

Grand Total: 31 creatures vanquished

Notes
Turn   | Place    | Note
-------+----------+-------------------------------------------
     0 | D:1      | qw the Tengu Warper began the quest for the Orb.
     0 | D:1      | Reached XP level 1. HP: 12/12 MP: 4/4
     0 | D:1      | 0 ||| qw: Version: 0.1-a-89-g26bdef1
     0 | D:1      | 0 ||| qw: Game counter: 1813
     0 | D:1      | 0 ||| qw: Always use a shield: true
     0 | D:1      | 0 ||| qw: God list: Okawaru
     0 | D:1      | 0 ||| qw: Allow faded altars: false
     0 | D:1      | 0 ||| qw: Do Orc after D:15 true
     0 | D:1      | 0 ||| qw: Do second Lair branch before Depths: true
     0 | D:1      | 0 ||| qw: Lair rune preference: random
     0 | D:1      | 0 ||| qw: Plans: Normal
     0 | D:1      | 0 ||| PLANNING D:1-11
   621 | D:1      | Reached skill level 3 in Axes
   621 | D:1      | Reached XP level 2. HP: 17/17 MP: 6/6
   805 | D:1      | 805 ||| Stepping ~*~*~tactically~*~*~ (stealth).
   806 | D:1      | 806 ||| Stepping ~*~*~tactically~*~*~ (stealth).
  1034 | D:1      | 1034 ||| DROPPING orb of energy.
  1035 | D:1      | 1035 ||| UPGRADING to ring of protection from cold.
  1036 | D:1      | 1036 ||| READING 3 scrolls labelled BIBISO SOKENEW.
  1037 | D:1      | 1037 ||| READING 2 scrolls labelled EHI MOZI IBEY.
  1038 | D:1      | 1038 ||| DROPPING scroll of blinking.
  1039 | D:1      | 1039 ||| DROPPING scroll of immolation.
  1282 | D:2      | Reached XP level 3. HP: 15/21 MP: 7/7
  1390 | D:2      | Reached skill level 4 in Axes
  1667 | D:2      | 1667 ||| DROPPING orb of energy.
  1668 | D:2      | 1668 ||| UPGRADING to +0 ring mail.
  1678 | D:2      | 1678 ||| DROPPING +0 leather armour.
  1679 | D:2      | 1679 ||| READING scroll labelled URUIQ SOIJIPS.
  1808 | D:2      | 1808 ||| READING scroll labelled YGEIQIDDAI.
  1811 | D:2      | 1811 ||| READING scroll labelled CACEMPU KUAHI.
  1812 | D:2      | 1812 ||| READING 2 scrolls of identify.
  1812 | D:2      | 1812 ||| IDENTIFYING viscous grey potion
  1813 | D:2      | 1813 ||| DROPPING potion of attraction.
  1945 | D:3      | 1945 ||| Stepping ~*~*~tactically~*~*~ (stealth).
  2025 | D:3      | 2025 ||| Stepping ~*~*~tactically~*~*~ (stealth).
  2027 | D:3      | Found a faded altar of an unknown god.
  2055 | D:3      | Slain by an orc

Levels and vault maps discovered:
D:1:      elethiomel_arrival_shortcut, layout_loops_corners, lemuel_old_faithful
D:2:      layout_rooms
D:3:      layout_basic, chequers_ecumenical_altar_island, serial_glass,
          glass_columns_a, glass_columns_a

Skill      XL: |  1  2  3 |
---------------+----------+-----
Axes           | 3 4 |  4.3
Fighting       | |  2.0
Throwing       | |  1.0
Armour         | |  1.1
Dodging        | |  2.1
Spellcasting   | |  2.0
Translocations | |  2.4

Action                   || total
-------------------------++-------
Melee: Hand axe          ||    60
       Kick              ||    10
       Peck              ||     9
Throw: Boomerang         ||     7
  Use: Scroll            ||     6
Armor: Leather armour    ||    10
       Ring mail         ||     3
Dodge: Dodged            ||    32

Table legend:
 A = Non-vault XP
 B = Vault XP
 C = Vault XP percentage of total XP
 D = Non-vault monster count
 E = Vault monster count
 F = Vault count percentage of total count
                 A         B        C        D         E       F
            +---------+---------+-------+---------+---------+-------
      Total |      69 |       0 |   0.0 |      30 |       0 |   0.0
            +---------+---------+-------+---------+---------+-------
        D:1 |      20 |       0 |   0.0 |      11 |       0 |   0.0
        D:2 |      34 |       0 |   0.0 |      12 |       0 |   0.0
        D:3 |      15 |       0 |   0.0 |       7 |       0 |   0.0
            +---------+---------+-------+---------+---------+-------
